 Dungeon Crawl Stone Soup version 0.25.0-9-g26727b657a (webtiles) character file.

Game seed: 1157677191350642169

123 Esekla the Grasshopper (level 4, -2/25 HPs)
             Began as a Deep Elf Warper on June 20, 2020.
             Killed from afar by an orc wizard (8 damage)
             ... with a magic dart
             ... on level 2 of the Dungeon on June 21, 2020.
             The game lasted 00:22:23 (3929 turns).

Esekla the Grasshopper (Deep Elf Warper)            Turns: 3929, Time: 00:22:24

Health: -2/25      AC:  3    Str:  8    XL:     4   Next: 80%
Magic:  8/10       EV: 18    Int: 18    God:
Gold:   71         SH:  0    Dex: 15    Spells: 5/9 levels left

rFire    . . .     SeeInvis .   a - +0 falchion
rCold    . . .     Gourm    .   (no shield)
rNeg     . . .     Faith    .   n - +0 robe
rPois    .         Spirit   .   q - +0 helmet
rElec    .         Reflect  .   (no cloak)
rCorr    .         Harm     .   (no gloves)
MR       .....                  (no boots)
Stlth    +.........             (no amulet)
HPRegen  0.08/turn              b - +4 ring of evasion
MPRegen  0.12/turn              (no ring)

@: shrouded
A: no striking features
a: no special abilities


You were on level 2 of the Dungeon.
You were not hungry.

You visited 1 branch of the dungeon, and saw 3 of its levels.

You collected 71 gold pieces.

Inventory:

Hand Weapons
 a - a +0 falchion (weapon)
 k - a +0 short sword
Missiles
 e - 5 boomerangs of dispersal
 l - 10 poisoned darts (quivered)
Armour
 c - a +0 buckler
 n - a +0 robe (worn)
 q - a +0 helmet (worn)
Jewellery
 b - a +4 ring of evasion (left hand)
 g - an uncursed ring of fire
Scrolls
 d - a scroll of blinking
 h - a scroll of teleportation {unknown}
 i - a scroll of identify {unknown}
 j - 2 scrolls of enchant weapon {unknown}
 m - a scroll of immolation {unknown}
 o - a scroll of fear {unknown}
Potions
 p - a potion of brilliance {unknown}
Comestibles
 f - 2 rations
 r - 2 chunks of flesh


   Skills:
 - Level 1.5 Fighting
 * Level 3.4 Long Blades
 + Level 1.2 Throwing
 - Level 0.7 Armour
 * Level 3.5 Dodging
 - Level 3.0 Spellcasting
 + Level 1.5 Charms
 + Level 3.8 Translocations


You had 5 spell levels left.
You knew the following spells:

 Your Spells              Type           Power        Failure   Level  Hunger
a - Shroud of Golubria    Chrm/Tloc      ##....       9%          2    ##.....
b - Blink                 Tloc           N/A          4%          2    ##.....

Your spell library contained the following spells:

 Spells                   Type           Power        Failure   Level  Hunger
 Gell's Gravitas          Tloc           ###.......   10%         3    ###....
 Lesser Beckoning         Tloc           ###.......   10%         3    ###....
 Teleport Other           Tloc           ###.....     10%         3    ###....
 Passage of Golubria      Tloc           N/A          32%         4    ####...


Dungeon Overview and Level Annotations

Branches:
Dungeon (3/15)

Altars:

Annotations:
D:2 Terence


Message History

The orc wizard is moderately wounded.
You hit the orc wizard.
The orc wizard is heavily wounded.
The orc wizard hits you with a +0 dagger.
The orc wizard points at you and mumbles some strange words.
The magic dart hits you.
* * * LOW HITPOINT WARNING * * *
You hit the orc wizard.
The orc wizard is heavily wounded.
The orc wizard misses you.
You closely miss the orc wizard.
The orc wizard is heavily wounded.
The orc wizard barely misses you. The orc wizard closely misses you.
You riposte.
You barely miss the orc wizard.
The orc wizard is heavily wounded.
You hit the orc wizard.
The orc wizard is severely wounded.
The orc wizard gestures at you while chanting.
The magic dart hits you!
You die...

.....................)...........
#############.#)#.#.#####......#
##..................#####......##
..............#.#.....).#.gg.....
..............#.#.#####[#..g...##
..####........#.#.# #<#......#
..#.........#.#.#.########....g##
..#.#######.#.#.#.#....).........
.........(.....o@.#.######.......
..............#...# #..(##)###...
..............#)#.#.#.#...ยง# ...
#.............#.#.#.#.#....###g..
#.............#.....#.#...(+...g.
.............#####..#.##..(# .
....................#.##...#
....................#.##...#
##..................#.##...#


You could see an orc wizard (fast).

Vanquished Creatures
  2 orc wizards (D:2)
  Robin (D:1)
  An adder (D:1)
  A worm (D:2)
  A dart slug (D:1)
  2 leopard geckos (D:2)
  2 orcs (D:1)
  2 bats (D:1)
  A giant cockroach (D:2)
  9 goblins
  4 hobgoblins
  A quokka (D:1)
  5 frilled lizards
  5 kobolds
  5 rats
42 creatures vanquished.

Notes
Turn   | Place    | Note
-------+----------+-------------------------------------------
     0 | D:1      | Esekla the Deep Elf Warper began the quest for the Orb.
     0 | D:1      | Reached XP level 1. HP: 12/12 MP: 6/6
   592 | D:1      | Reached XP level 2. HP: 16/16 MP: 8/8
   643 | D:1      | Learned a level 2 spell: Shroud of Golubria
   646 | D:1      | Learned a level 2 spell: Blink
  2000 | D:2      | Reached XP level 3. HP: 14/20 MP: 4/9
  2133 | D:2      | Noticed Terence
  2869 | D:2      | Reached skill level 1 in Charms
  2871 | D:2      | Noticed Robin
  3101 | D:1      | Reached XP level 4. HP: 22/25 MP: 8/10
  3197 | D:1      | Killed Robin
  3929 | D:2      | Killed from afar by an orc wizard

Illustrated notes

Levels and vault maps discovered:
D:1:      tarquinn_simple_flora_water_f, layout_loops_corners,
          chequers_serial_rivers_small_a, minmay_misc_feat_rugged,
          minmay_pentomino_q2
D:2:      layout_basic, hangedman_abyss_or_decor_stabs, uniq_robin, uniq_terence
D:3:      layout_loops_ring, old_standard_altar, old_standard_altar,
          makhleb_altar_promises_db

Skill      XL: |  1  2  3 |
---------------+----------+-----
Long Blades    | 2 3 |  3.4
Dodging        | 3 |  3.5
Charms         | 1 |  1.5
Fighting       | |  1.5
Throwing       | |  1.2
Armour         | |  0.7
Spellcasting   | |  3.0
Translocations | |  3.8

Action                   |  1- 3 |  4- 6 || total
-------------------------+-------+-------++-------
Melee: Falchion          |   111 |    53 ||   164
Throw: Dart              |     1 |    13 ||    14
 Cast: Shroud of Golubri |    24 |     9 ||    33
       Blink             |     2 |     4 ||     6
 Stab: Sleeping          |     1 |       ||     1
  Eat: Chunk             |     7 |     1 ||     8
       Ration            |       |     1 ||     1
Armor: Robe              |     1 |     2 ||     3
Dodge: Dodged            |   105 |    45 ||   150
       Rpst.: Falchion   |    27 |    14 ||    41
